 Dungeon Crawl Stone Soup version 0.29.1-1-gd02db69 (webtiles) character file.

Game seed: 6366937981684077079

35 Timinator the Insei (level 3, -1/28 HPs)
             Began as a Demigod Transmuter on Jan 19, 2023.
             Slain by a phantom (3 damage)
             ... on level 2 of the Dungeon.
             The game lasted 00:04:13 (1100 turns).

Timinator the Insei (Demigod Transmuter)            Turns: 1100, Time: 00:04:14

Health: -1/28      AC:  2    Str: 11    XL:     3   Next: 2%
Magic:  7/8        EV: 12    Int: 15    God:
Gold:   105        SH:  0    Dex: 18    Spells: 3/6 levels left

rFire   + . .      SeeInvis .     - Unarmed
rCold   + . .      Faith    .   (no shield)
rNeg    + . .      Spirit   .   a - +0 robe
rPois   +          Reflect  .   (helmet currently unavailable)
rElec   +          Harm     .   (no cloak)
rCorr   +          Rampage  .   (no gloves)
Will    .....                   (boots currently unavailable)
Stlth   ++........              (no amulet)
HPRegen 0.09/turn               e - ring of positive energy
MPRegen 0.11/turn               (no ring)

@: brilliant, appendages (expiring), resistant
A: horns 2, talons 2, high MP 1, forlorn, divine attributes
a: End Transformation


You were on level 2 of the Dungeon.
You had temporarily grown beastly horns and talons.
You visited 1 branch of the dungeon, and saw 2 of its levels.

You collected 105 gold pieces.

Inventory:

Armour
 a - a +0 robe (worn)
Jewellery
 e - a ring of positive energy (left hand)
Scrolls
 d - a scroll of identify {unknown}
 f - a scroll of fear {unknown}
 g - a scroll of noise {unknown}
 h - a scroll of silence {unknown}
Potions
 b - a potion of curing


   Skills:
 + Level 1.1 Fighting
 + Level 0.5 Armour
 + Level 2.0 Dodging
 * Level 3.1 Unarmed Combat
 * Level 2.2 Spellcasting
 + Level 2.0 Transmutations


You had 3 spell levels left.
You knew the following spells:

 Your Spells              Type           Power      Damage    Failure   Level
a - Beastly Appendage     Tmut           22%        N/A       10%         1
b - Wereblood             Tmut           11%        N/A       14%         2

Your spell library contained the following spells:

 Spells                   Type           Power      Damage    Failure   Level
 Call Imp                 Summ           2%         N/A       32%         2
 Spider Form              Tmut/Pois      6%         N/A       41%         3
 Ice Form                 Ice/Tmut       6%         N/A       82%         4
 Death's Door             Necr           1%         N/A       100%        9
 Dragon's Call            Summ           1%         N/A       100%        9


Dungeon Overview and Level Annotations

Branches:
Dungeon (2/15)

Shops:
D:1 *


Innate Abilities, Weirdness & Mutations

You have temporarily grown beastly horns and talons.
You have an increased reservoir of magic. (+10% MP)
You shall have no god before yourself.
Your divine heritage dramatically boosts your attributes as you level up.


Message History

You have reached level 3!
Your experience leads to a dramatic increase in your attributes!
Increase (S)trength, (I)ntelligence, or (D)exterity?
You feel agile. x4
You see here a +0 club.
Your horns disappear.
Your talons disappear.
Casting: Beastly Appendage (safe; 10% risk of failure)
Confirm with . or Enter, or press ? or * to list all spells.
You grow a pair of large bovine horns.
Your feet morph into talons.
The phantom hits you.
The phantom blinks!
You blink.
A goblin comes into view. It is wielding a +0 club.
Found 10 gold pieces.
The goblin moves out of view.
You closely miss the phantom. The phantom hits you.
The phantom blinks!
You blink.
You closely miss the kobold. You claw the kobold, but do no damage.
You headbutt the kobold.
The kobold is severely wounded.
Your transformation is almost over.
The phantom hits you.
* * * LOW HITPOINT WARNING * * *
The phantom blinks!
You blink.
Okay, then.
You closely miss the kobold. You headbutt the kobold.
You kill the kobold!
The phantom hits you.
* * * LOW HITPOINT WARNING * * *
The phantom blinks!
You blink.
Found a leather armour and 7 gold pieces.
It was a potion of curing.
You feel better. The phantom barely misses you.
It was a potion of brilliance.
You feel clever all of a sudden. The phantom hits you.
* * * LOW HITPOINT WARNING * * *
It was a potion of resistance.
You feel protected.
The goblin shouts!
The phantom hits you.
* * * LOW HITPOINT WARNING * * *
The phantom attacks as you move away! The phantom hits you.
You die...

............#
........>....#
.............#
.......†.....#
....$........#
....)........#
.............#
........W....#
.......@.....#
...............
.####........$.
#...........
#...g......
#..[.......
#$.........
#......####


You could see a phantom and a goblin.

Vanquished Creatures
  A gnoll (D:1)
  4 endoplasms (D:1)
  A giant cockroach (D:1)
  A goblin (D:2)
  3 hobgoblins
  3 jackals (D:1)
  4 kobolds
  3 ball pythons
  A rat (D:1)
21 creatures vanquished.

Notes
Turn   | Place    | Note
-------+----------+-------------------------------------------
     0 | D:1      | Timinator the Demigod Transmuter began the quest for the
                  | Orb.
     0 | D:1      | Reached XP level 1. HP: 15/15 MP: 5/5
    40 | D:1      | Reached skill level 1 in Fighting
    77 | D:1      | Reached XP level 2. HP: 13/23 MP: 7/7
    95 | D:1      | Reached skill level 3 in Unarmed Combat
   314 | D:1      | Found Sekkotopu's General Store.
   712 | D:1      | Got the Incunabulum of the Old World
   751 | D:1      | Learned a level 2 spell: Wereblood
  1084 | D:2      | Noticed a phantom
  1087 | D:2      | Reached XP level 3. HP: 21/28 MP: 8/8
  1100 | D:2      | Slain by a phantom

Illustrated notes

Levels and vault maps discovered:
D:1:      dpeg_arrival_pits, layout_loops_ring, serial_shops, shop
D:2:      layout_basic, chequers_serial_rivers_large_b

Skill      XL: |  1  2 |
---------------+-------+-----
Fighting       | 1 |  1.1
Spellcasting   | 2 |  2.2
Unarmed Combat | 3 |  3.1
Dodging        | 2 |  2.0
Transmutations | 2 |  2.0
Armour         | |  0.5

Action                   || total
-------------------------++-------
Melee: Unarmed           ||    52
       Kick              ||    11
       Headbutt          ||     7
       Punch             ||     2
 Cast: Beastly Appendage ||    10
  Use: Potion            ||     4
 Stab: Distracted        ||     1
       Sleeping          ||     1
Armor: Robe              ||     6
       Skin              ||     6
Dodge: Dodged            ||    12
